TOP OF THE 1ST |
Masconomet HS Chieftans batting - Pitching for Madawaska Valley HS Wolves : LHP José Vázquez
|
Pitching: LHP José Vázquez
|
|
Batting: RHB Ryan Beck
|
0-0: Ball 1-0: Called Strike 1-1: Ball 2-1: Foul Ball, location: 2F 2-2: Hit by Pitch
|
Batting: SHB Vicente Ramírez
|
0-0: Called Strike Ryan Beck steals 2nd base 0-1: Fly out, F8 (Flyball, 8RM)
|
Batting: RHB Josh Martin
|
0-0: Called Strike 0-1: SINGLE (Groundball, 56D) Ryan Beck to third Runner from 3rd tries for Home, SAFE, no throw
|
Batting: RHB Burt Scott
|
0-0: Called Strike 0-1: Foul Ball, location: 2F 0-2: Ball 1-2: Ball 2-2: Ball 3-2: Fielders Choice at 2nd, 1-6 (Groundball, 13S)
|
Batting: LHB José Gallardo
|
0-0: Hit by Pitch Burt Scott to second
|
Batting: LHB David Hebert
|
0-0: Ball 1-0: Called Strike 1-1: Foul Ball, location: 2F 1-2: Ball 2-2: Foul Ball, location: 2F 2-2: Foul Ball, location: 2F 2-2: Strikes out looking
|
Top of the 1st over - 1 run(s), 1 hit(s), 0 error(s), 2 left on base; Masconomet HS 1 - Madawaska Valley HS 0 |
BOTTOM OF THE 1ST |
Madawaska Valley HS Wolves batting - Pitching for Masconomet HS Chieftans : RHP Chad Adams
|
Pitching: RHP Chad Adams
|
|
Batting: LHB Bob Campbell
|
0-0: Ball 1-0: DOUBLE (Groundball, 5L)
|
Batting: RHB Adam Carpenter
|
0-0: Ball 1-0: Ball 2-0: Ground out 4-3 (Groundball, 4S) Bob Campbell to third
|
Batting: SHB Gordon Beatty
|
0-0: Called Strike 0-1: Swinging Strike 0-2: Ball 1-2: Ground out U3 (Groundball, 34) Bob Campbell scores
|
Batting: SHB Jason Dundee
|
0-0: Called Strike 0-1: Swinging Strike 0-2: Foul Ball, location: 2F 0-2: Foul Ball, location: 2F 0-2: Strikes out swinging
|
Bottom of the 1st over - 1 run(s), 1 hit(s), 0 error(s), 0 left on base; Masconomet HS 1 - Madawaska Valley HS 1 |
TOP OF THE 2ND |
Masconomet HS Chieftans batting - Pitching for Madawaska Valley HS Wolves : LHP José Vázquez
|
Batting: RHB Jack Bowman
|
0-0: Ball 1-0: Ball 2-0: Ball 3-0: Called Strike 3-1: Base on Balls
|
Batting: RHB Frank Music
|
0-0: Called Strike 0-1: Called Strike 0-2: Ground out 6-3 (Groundball, 6S) Jack Bowman to second
|
Batting: RHB António Rojas
|
0-0: Foul Ball, location: 2F 0-1: Foul Ball, location: 2F 0-2: Ground out 5-3 (Groundball, 25) Jack Bowman to third
|
Batting: RHB Ryan Beck
|
0-0: Ball 1-0: Called Strike 1-1: Ball 2-1: Called Strike 2-2: Ball 3-2: Strikes out swinging
|
Top of the 2nd over - 0 run(s), 0 hit(s), 0 error(s), 1 left on base; Masconomet HS 1 - Madawaska Valley HS 1 |
BOTTOM OF THE 2ND |
Madawaska Valley HS Wolves batting - Pitching for Masconomet HS Chieftans : RHP Chad Adams
|
Batting: RHB Bob Colbert
|
0-0: Ball 1-0: Ball 2-0: Ball 3-0: Called Strike 3-1: Foul Ball, location: 2F 3-2: Base on Balls
|
Batting: SHB Artie Adams
|
0-0: Ball 1-0: Swinging Strike 1-1: Ball 2-1: Called Strike 2-2: Strikes out swinging
|
Batting: RHB Brandon Little
|
0-0: Called Strike 0-1: Ball 1-1: Swinging Strike 1-2: Ball 2-2: Ball 3-2: Strikes out swinging Bob Colbert steals 2nd base Batter strikes out.
|
Batting: RHB Enrique Navarro
|
0-0: Swinging Strike 0-1: Foul Ball, location: 2F 0-2: Strikes out swinging
|
Bottom of the 2nd over - 0 run(s), 0 hit(s), 0 error(s), 1 left on base; Masconomet HS 1 - Madawaska Valley HS 1 |
TOP OF THE 3RD |
Masconomet HS Chieftans batting - Pitching for Madawaska Valley HS Wolves : LHP José Vázquez
|
Batting: SHB Vicente Ramírez
|
0-0: Ground out 4-3 (Groundball, 4)
|
Batting: RHB Josh Martin
|
0-0: Ball 1-0: Called Strike 1-1: Foul Ball, location: 2F 1-2: SINGLE (Flyball, 9LS)
|
Batting: RHB Burt Scott
|
0-0: Foul Ball, location: 2F 0-1: Ball 1-1: Foul Ball, location: 2F 1-2: Ball 2-2: Strikes out swinging
|
Batting: LHB José Gallardo
|
0-0: Called Strike 0-1: Ball 1-1: Foul Ball, location: 2F 1-2: Strikes out swinging
|
Top of the 3rd over - 0 run(s), 1 hit(s), 0 error(s), 1 left on base; Masconomet HS 1 - Madawaska Valley HS 1 |
BOTTOM OF THE 3RD |
Madawaska Valley HS Wolves batting - Pitching for Masconomet HS Chieftans : RHP Chad Adams
|
Batting: RHB Leo Snyder
|
0-0: Ball 1-0: Foul Ball, location: 2F 1-1: Called Strike 1-2: Foul Ball, location: 2F 1-2: Ball 2-2: Ball 3-2: Strikes out looking
|
Batting: LHB Bob Campbell
|
0-0: Ball 1-0: SINGLE (Groundball, 6M) (infield hit)
|
Batting: RHB Adam Carpenter
|
0-0: Ball 1-0: Foul Ball, location: 2F 1-1: Ball 2-1: Ball 3-1: Called Strike 3-2: Foul Ball, location: 2F 3-2: Foul Ball, location: 2F 3-2: SINGLE (Groundball, 4MD) Bob Campbell to second
|
Batting: SHB Gordon Beatty
|
0-0: Ball 1-0: Called Strike 1-1: Called Strike 1-2: Ball 2-2: Ball 3-2: Strikes out swinging
|
Batting: SHB Jason Dundee
|
0-0: Called Strike 0-1: Called Strike 0-2: Foul Ball, location: 2F 0-2: Foul Ball, location: 2F 0-2: Ball 1-2: Ball 2-2: Ball 3-2: Foul Ball, location: 2F 3-2: Ground out 4-3 (Groundball, 4)
|
Bottom of the 3rd over - 0 run(s), 2 hit(s), 0 error(s), 2 left on base; Masconomet HS 1 - Madawaska Valley HS 1 |
TOP OF THE 4TH |
Masconomet HS Chieftans batting - Pitching for Madawaska Valley HS Wolves : LHP José Vázquez
|
Batting: LHB David Hebert
|
0-0: Swinging Strike 0-1: Ball 1-1: Foul Ball, location: 2F 1-2: SOLO HOME RUN (Flyball, 89XD), Distance : 438 ft
|
Batting: RHB Jack Bowman
|
0-0: Ball 1-0: Ball 2-0: Ball 3-0: Base on Balls
|
Batting: RHB Frank Music
|
0-0: Fielders Choice at 2nd, 4-6 (Groundball, 34)
|
Batting: RHB António Rojas
|
0-0: Ball 1-0: Called Strike 1-1: Foul Ball, location: 2F 1-2: Ball 2-2: Fly out, F8 (Line Drive, 8LD)
|
Batting: RHB Ryan Beck
|
0-0: Ball 1-0: Ball 2-0: Fly out, F9 (Flyball, 9)
|
Top of the 4th over - 1 run(s), 1 hit(s), 0 error(s), 1 left on base; Masconomet HS 2 - Madawaska Valley HS 1 |
BOTTOM OF THE 4TH |
Madawaska Valley HS Wolves batting - Pitching for Masconomet HS Chieftans : RHP Chad Adams
|
Batting: RHB Bob Colbert
|
0-0: Ball 1-0: Ball 2-0: Ball 3-0: Base on Balls
|
Batting: SHB Artie Adams
|
0-0: Reached on error, E1 (Groundball, 13) Bob Colbert to second
|
Batting: RHB Brandon Little
|
0-0: SINGLE (Groundball, 4MD) Bob Colbert to third Artie Adams to second Runner from 3rd tries for Home, SAFE, no throw
|
Batting: RHB Enrique Navarro
|
0-0: Called Strike 0-1: DOUBLE (Flyball, 8RXD) Artie Adams scores Brandon Little to third
|
Batting: RHB Leo Snyder
|
0-0: Swinging Strike 0-1: Ball 1-1: Ball 2-1: Fly out, F5 (Popup, 56)
|
Batting: LHB Bob Campbell
|
0-0: Swinging Strike 0-1: Foul Ball, location: 2F 0-2: Ball 1-2: DOUBLE (Line Drive, 8LM) Brandon Little scores Enrique Navarro scores
|
Pitching: RHP Alberto Pérez
|
|
Batting: RHB Adam Carpenter
|
0-0: Ball 1-0: Ball 2-0: Ball 3-0: Called Strike 3-1: Base on Balls
|
Batting: SHB Gordon Beatty
|
0-0: Ball 1-0: Ball 2-0: Grounds into double play, 1-6-3 (Groundball, 13)
|
Bottom of the 4th over - 4 run(s), 3 hit(s), 1 error(s), 1 left on base; Masconomet HS 2 - Madawaska Valley HS 5 |
TOP OF THE 5TH |
Masconomet HS Chieftans batting - Pitching for Madawaska Valley HS Wolves : LHP José Vázquez
|
Batting: SHB Vicente Ramírez
|
0-0: Ball 1-0: Called Strike 1-1: Ball 2-1: Ball 3-1: Foul Ball, location: 2F 3-2: SINGLE (Groundball, 6MD)
|
Batting: RHB Josh Martin
|
0-0: Called Strike 0-1: Called Strike 0-2: Ball 1-2: Foul Ball, location: 2F 1-2: Ball 2-2: Foul Ball, location: 2F 2-2: SINGLE (Groundball, 4MD) Vicente Ramírez to second
|
Pitching: RHP Kevin Lester
|
|
Batting: RHB Burt Scott
|
0-0: Ball 1-0: Ball 2-0: Foul Ball, location: 2F 2-1: Called Strike 2-2: Ball 3-2: SINGLE (Groundball, 6) (infield hit) Vicente Ramírez to third Josh Martin to second
|
Batting: LHB José Gallardo
|
0-0: SINGLE (Line Drive, 4M) Vicente Ramírez scores Josh Martin to third Burt Scott to second
|
Batting: LHB David Hebert
|
0-0: Ball 1-0: Grounds into double play, 3-6-4 (Groundball, 34) Josh Martin scores Burt Scott to third
|
Batting: RHB Jack Bowman
|
0-0: Called Strike 0-1: Ball 1-1: Foul Ball, location: 2F 1-2: Foul Ball, location: 2F 1-2: Ball 2-2: Strikes out swinging
|
Top of the 5th over - 2 run(s), 4 hit(s), 0 error(s), 1 left on base; Masconomet HS 4 - Madawaska Valley HS 5 |
BOTTOM OF THE 5TH |
Madawaska Valley HS Wolves batting - Pitching for Masconomet HS Chieftans : RHP Alberto Pérez
|
Batting: SHB Jason Dundee
|
0-0: Ball 1-0: Swinging Strike 1-1: Foul Ball, location: 2F 1-2: Foul Ball, location: 2F 1-2: Ground out U3 (Groundball, 3L)
|
Batting: RHB Bob Colbert
|
0-0: SINGLE (Groundball, 6MD)
|
Batting: SHB Artie Adams
|
0-0: Ball 1-0: Ball 2-0: Foul Ball, location: 2F 2-1: Foul Ball, location: 2F 2-2: Foul Ball, location: 2F 2-2: Ball 3-2: Base on Balls Bob Colbert to second
|
Batting: RHB Brandon Little
|
0-0: Called Strike 0-1: Fly out, F8 (Flyball, 8LM)
|
Batting: RHB Enrique Navarro
|
0-0: Called Strike 0-1: Ball 1-1: Swinging Strike 1-2: Strikes out swinging
|
Bottom of the 5th over - 0 run(s), 1 hit(s), 0 error(s), 2 left on base; Masconomet HS 4 - Madawaska Valley HS 5 |
TOP OF THE 6TH |
Masconomet HS Chieftans batting - Pitching for Madawaska Valley HS Wolves : RHP Kevin Lester
|
Batting: RHB Frank Music
|
0-0: Called Strike 0-1: Swinging Strike 0-2: Ball 1-2: Ground out 5-3 (Groundball, 56S)
|
Batting: RHB António Rojas
|
0-0: Fly out, F9 (Flyball, 89M)
|
Batting: RHB Ryan Beck
|
0-0: Ball 1-0: Ball 2-0: Ball 3-0: Called Strike 3-1: Fly out, F8 (Flyball, 8RS)
|
Top of the 6th over - 0 run(s), 0 hit(s), 0 error(s), 0 left on base; Masconomet HS 4 - Madawaska Valley HS 5 |
BOTTOM OF THE 6TH |
Madawaska Valley HS Wolves batting - Pitching for Masconomet HS Chieftans : RHP Alberto Pérez
|
Batting: RHB Leo Snyder
|
0-0: Ball 1-0: Foul Ball, location: 2F 1-1: Ball 2-1: Called Strike 2-2: Fly out, F8 (Flyball, 8LM)
|
Batting: LHB Bob Campbell
|
0-0: Ball 1-0: SINGLE (Line Drive, 6M)
|
Batting: RHB Adam Carpenter
|
0-0: Ball 1-0: Foul Ball, location: 2F 1-1: Swinging Strike 1-2: DOUBLE (Line Drive, 7LS) Bob Campbell to third
|
Batting: SHB Gordon Beatty
|
0-0: Ground out 4-3 (Groundball, 4)
|
Batting: SHB Jason Dundee
|
0-0: Called Strike 0-1: Ball 1-1: Ball 2-1: Swinging Strike 2-2: Strikes out swinging
|
Bottom of the 6th over - 0 run(s), 2 hit(s), 0 error(s), 2 left on base; Masconomet HS 4 - Madawaska Valley HS 5 |
TOP OF THE 7TH |
Masconomet HS Chieftans batting - Pitching for Madawaska Valley HS Wolves : RHP Kevin Lester
|
Batting: SHB Vicente Ramírez
|
0-0: Ball 1-0: Ball 2-0: Ball 3-0: Called Strike 3-1: Foul Ball, location: 2F 3-2: Foul Ball, location: 2F 3-2: Fly out, F8 (Flyball, 8LM)
|
Batting: RHB Josh Martin
|
0-0: Ball 1-0: Called Strike 1-1: Foul Ball, location: 2F 1-2: Ground out 5-3 (Groundball, 56S)
|
Batting: RHB Burt Scott
|
0-0: Ball 1-0: Foul Ball, location: 2F 1-1: Ball 2-1: Swinging Strike 2-2: Foul Ball, location: 2F 2-2: Foul Ball, location: 2F 2-2: Ball 3-2: Foul Ball, location: 2F 3-2: Foul Ball, location: 2F 3-2: SINGLE (Flyball, 9S)
|
Batting: LHB José Gallardo
|
0-0: Ground out 4-3 (Groundball, 34)
|
Top of the 7th over - 0 run(s), 1 hit(s), 0 error(s), 1 left on base; Masconomet HS 4 - Madawaska Valley HS 5 |
BOTTOM OF THE 7TH |
Madawaska Valley HS Wolves batting - Pitching for Masconomet HS Chieftans : RHP Alberto Pérez
|
Batting: RHB Bob Colbert
|
0-0: Foul Ball, location: 2F 0-1: Ball 1-1: Foul Ball, location: 2F 1-2: Foul Ball, location: 2F 1-2: Ball 2-2: Strikes out swinging
|
Batting: SHB Artie Adams
|
0-0: Ball 1-0: Ball 2-0: Ground out 4-3 (Groundball, 34)
|
Pitching: RHP Wayne Meyer
|
|
Batting: RHB Brandon Little
|
0-0: Called Strike 0-1: Ball 1-1: Foul Ball, location: 2F 1-2: Strikes out swinging
|
Bottom of the 7th over - 0 run(s), 0 hit(s), 0 error(s), 0 left on base; Masconomet HS 4 - Madawaska Valley HS 5 |
TOP OF THE 8TH |
Masconomet HS Chieftans batting - Pitching for Madawaska Valley HS Wolves : RHP Kevin Lester
|
Pitching: LHP David Pérez
|
|
Batting: LHB David Hebert
|
0-0: Swinging Strike 0-1: Ball 1-1: Swinging Strike 1-2: Foul Ball, location: 2F 1-2: Ball 2-2: SINGLE (Groundball, 34) (infield hit)
|
Pitching: RHP Vincente León
|
|
Batting: RHB Jack Bowman
|
0-0: Sac Bunt - play at first, batter OUT! 5-3 David Hebert to second
|
Batting: RHB Frank Music
|
0-0: Ball 1-0: Called Strike 1-1: Foul Ball, location: 2F 1-2: Ball 2-2: Ground out 5-3 (Groundball, 56S) David Hebert to third
|
Batting: RHB António Rojas
|
0-0: Ball 1-0: Called Strike 1-1: SINGLE (Groundball, 56D) David Hebert scores
|
Batting: RHB Ryan Beck
|
0-0: Fly out, F3 (Line Drive, 3L)
|
Top of the 8th over - 1 run(s), 2 hit(s), 0 error(s), 1 left on base; Masconomet HS 5 - Madawaska Valley HS 5 |
BOTTOM OF THE 8TH |
Madawaska Valley HS Wolves batting - Pitching for Masconomet HS Chieftans : RHP Wayne Meyer
|
Batting: RHB Enrique Navarro
|
0-0: Ball 1-0: Called Strike 1-1: Ball 2-1: Foul Ball, location: 2F 2-2: SOLO HOME RUN (Flyball, 78XD), Distance : 432 ft
|
Batting: RHB Leo Snyder
|
0-0: Ball 1-0: Ball 2-0: Ball 3-0: Base on Balls
|
Batting: LHB Bob Campbell
|
0-0: Ball 1-0: Sac Bunt - play at first, batter OUT! 5-4 Leo Snyder to second
|
Batting: RHB Adam Carpenter
|
0-0: Called Strike 0-1: Ball 1-1: Called Strike 1-2: Ground out 6-3 (Groundball, 6)
|
Pinch Hitting: RHB Weldon Lott
|
0-0: Ball 1-0: Swinging Strike 1-1: Ball 2-1: Ground out 4-3 (Groundball, 4M)
|
Bottom of the 8th over - 1 run(s), 1 hit(s), 0 error(s), 1 left on base; Masconomet HS 5 - Madawaska Valley HS 6 |
TOP OF THE 9TH |
Masconomet HS Chieftans batting - Pitching for Madawaska Valley HS Wolves : RHP Vincente León
|
Pitching: LHP J.J. Porter
|
|
Now at 3B: Weldon Lott
|
|
Batting: SHB Vicente Ramírez
|
0-0: Called Strike 0-1: Foul Ball, location: 2F 0-2: Hit by Pitch
|
Batting: RHB Josh Martin
|
0-0: Swinging Strike 0-1: Swinging Strike 0-2: Foul Ball, location: 2F 0-2: Ball 1-2: Strikes out swinging
|
Batting: RHB Burt Scott
|
0-0: Ball 1-0: Ball 2-0: Grounds into double play, 4-6-3 (Groundball, 4M)
|
Top of the 9th over - 0 run(s), 0 hit(s), 0 error(s), 0 left on base; Masconomet HS 5 - Madawaska Valley HS 6 |
|